[Event "31st Roquetas de Mar Open 2020"]
[Site "Roquetas de Mar"]
[Date "2020.01.04"]
[Round "4.15"]
[White "Vazquez Igarza, Renier"]
[Black "Piasetski, Leon"]
[Result "1-0"]
[ECO "A55"]
[WhiteElo "2552"]
[BlackElo "2219"]
[Annotator "RC"]
[PlyCount "81"]
[EventDate "2020.01.02"]
[EventType "swiss"]
[EventCountry "ESP"]
[SourceTitle "playchess.com"]
[Source "ChessBase"]
[SourceQuality "1"]
[TimeControl "5400+30"]

1. d4 Nf6 2. c4 d6 3. Nf3 Nbd7 4. Nc3 e5 5. e4 Be7 6. Be2 O-O 7. O-O c6 8. Qc2 a6 9. Rd1 Qc7 10. Rb1 b5 11. b4 exd4 12. Nxd4 Ne5 13. cxb5 cxb5 14. Bg5 Qa7 15. a4 Bd7 16. axb5 Rac8 17. Qb2 axb5 18. Ndxb5 Qb8 19. Nd4 Nc4 20. Qb3 Nb6 21. Bf4 Rfe8 22. Ba6 Rxc3 23. Qxc3 Nxe4 24. Qf3 Bh4 25. Bg3 Bxg3 26. hxg3 d5 27. Rbc1 Qd6 28. b5 g5 29. Nf5 Qg6 30. Ne3 h5 31. Bb7 Bxb5 32. Bxd5 Nxd5 33. Rxd5 Bc6 34. Rxc6 Qxc6 35. Rxg5+ Kf8 36. Rxh5 Qf6 37. g4 Qxf3 38. gxf3 Nf6 39. Rh8+ Ke7 40. Nf5+ Kd7 41. Rh6 1-0

[Event "31st Roquetas de Mar Open 2020"]
[Site "Roquetas de Mar"]
[Date "2020.01.05"]
[Round "5.6"]
[White "Klekowski, Maciej"]
[Black "Suarez Uriel, Adrian"]
[Result "1/2-1/2"]
[ECO "A22"]
[WhiteElo "2515"]
[BlackElo "2362"]
[Annotator "ChessBase"]
[PlyCount "111"]
[EventDate "2020.01.02"]
[EventType "swiss"]
[EventCountry "ESP"]
[SourceTitle "playchess.com"]
[Source "ChessBase"]
[SourceQuality "1"]
[TimeControl "5400+30"]

1. c4 e5 2. Nc3 Nf6 3. g3 d5 4. cxd5 Nxd5 5. Bg2 Nb6 6. d3 Be7 7. Be3 O-O 8. Rc1 Nc6 9. Bxc6 bxc6 10. Nf3 Bd6 11. Ne4 Nd5 12. Bc5 f5 13. Ned2 Rb8 14. Qa4 Qe7 15. d4 exd4 16. Qxd4 Bxc5 17. Qxc5 Qxc5 18. Rxc5 Rxb2 19. O-O Ba6 20. Rxc6 Bxe2 21. Re1 Bb5 22. Rc5 c6 23. a3 f4 24. g4 Ra2 25. Nb1 Be2 26. Kg2 Rb8 27. Nd4 f3+ 28. Kg3 Nf6 29. Nc3 Rxa3 30. Kh3 Nd7 31. Rxc6 Ne5 32. Rc7 Nd3 33. Rg1 Nxf2+ 34. Kh4 Re8 35. Rb1 Ra6 36. Nf5 Kh8 37. Re7 Rg8 38. Nxe2 fxe2 39. Rxe2 Nd3 40. Re3 Nf4 41. Kg3 Nd5 42. Rd3 Nf6 43. g5 Ne4+ 44. Kf4 Ra4 45. Rd4 Rxd4 46. Nxd4 Nc5 47. Ke5 Re8+ 48. Kd6 Ne4+ 49. Kd7 Ra8 50. Ne6 a5 51. Re1 Nc3 52. Nd8 Ra7+ 53. Kd6 Ra6+ 54. Kc5 h6 55. Kc4 Na2 56. gxh6 1/2-1/2

[Event "31st Roquetas de Mar Open 2020"]
[Site "Roquetas de Mar"]
[Date "2020.01.05"]
[Round "5.10"]
[White "Kiselev, Pavel"]
[Black "Shariyazdanov, Andrey"]
[Result "1/2-1/2"]
[ECO "E16"]
[WhiteElo "2303"]
[BlackElo "2519"]
[Annotator "ChessBase"]
[PlyCount "98"]
[EventDate "2020.01.02"]
[EventType "swiss"]
[EventCountry "ESP"]
[SourceTitle "playchess.com"]
[Source "ChessBase"]
[SourceQuality "1"]
[TimeControl "5400+30"]

1. d4 Nf6 2. Nf3 b6 3. c4 Bb7 4. g3 e6 5. Bg2 Bb4+ 6. Nbd2 Be7 7. O-O c5 8. d5 exd5 9. Nh4 O-O 10. Nb1 Ne4 11. cxd5 Bxh4 12. Bxe4 Bf6 13. Nc3 d6 14. Bg2 Nd7 15. Ne4 Be7 16. Bf4 Nf6 17. Nc3 Re8 18. Qc2 Bf8 19. Rad1 a6 20. a4 g6 21. h3 Bg7 22. g4 Bc8 23. Qd3 h5 24. g5 Nd7 25. Qg3 Ne5 26. Bc1 b5 27. axb5 axb5 28. Nxb5 Qb6 29. Nc3 Bf5 30. Be4 Bd7 31. Bc2 Qb4 32. Ne4 Bf5 33. Nf6+ Bxf6 34. Bxf5 Bg7 35. Bc2 Nc4 36. b3 Na3 37. Bd3 Qxb3 38. Qxd6 c4 39. Bxa3 Rxa3 40. Qc6 Re5 41. Qxc4 Rxg5+ 42. Kh2 Rxd5 43. Qxb3 Rxb3 44. f4 Rd4 45. Rc1 Rb2 46. Rc8+ Kh7 47. Kg3 Bh6 48. f5 h4+ 49. Kf3 Rf4+ {[%emt 0:01:46] Ke4} 1/2-1/2

[Event "31st Roquetas de Mar Open 2020"]
[Site "Roquetas de Mar"]
[Date "2020.01.05"]
[Round "5.13"]
[White "Marin, Mihail"]
[Black "Moreto Quintana, Alex"]
[Result "1/2-1/2"]
[ECO "A20"]
[WhiteElo "2496"]
[BlackElo "2165"]
[Annotator "RC"]
[PlyCount "194"]
[EventDate "2020.01.02"]
[EventType "swiss"]
[EventCountry "ESP"]
[SourceTitle "playchess.com"]
[Source "ChessBase"]
[SourceQuality "1"]
[TimeControl "5400+30"]

1. c4 e5 2. g3 Nf6 3. Bg2 d5 4. cxd5 Nxd5 5. Nc3 Nb6 6. Nf3 Nc6 7. O-O Be7 8. b3 Be6 9. Bb2 Qd7 10. Rc1 f5 11. e4 O-O 12. d3 Rad8 13. exf5 Bxf5 14. Ne4 Bg4 15. h3 Bxh3 16. Nxe5 Nxe5 17. Bxe5 c6 18. d4 Bxg2 19. Kxg2 Qf5 20. Qe2 Rfe8 21. f4 Nd5 22. g4 Qg6 23. f5 Qf7 24. Qf3 Bf6 25. Bxf6 Nxf6 26. Ng5 Qd5 27. Ne6 Nxg4 28. Kg3 h5 29. Rce1 Qxf3+ 30. Rxf3 Rxd4 31. Rh1 Rd2 32. Rxh5 Nf6 33. Rh1 Rxa2 34. Kf4 Re2 35. Rfh3 Nd5+ 36. Kg4 Re4+ 37. Kg5 Nf6 38. Kg6 Rg4+ 39. Ng5 Kf8 40. Rh8+ Ke7 41. Re1+ Kd7 42. Rhxe8 Nxe8 43. Re4 Rxe4 44. Nxe4 b6 45. Ng5 a5 46. Ne6 b5 47. Nxg7 Nxg7 48. Kxg7 a4 49. bxa4 bxa4 50. f6 a3 51. f7 a2 52. f8=Q a1=Q+ 53. Kg6 Qh1 54. Kg5 Qg2+ 55. Kh4 Qh2+ 56. Kg4 Qg2+ 57. Kh4 Qg6 58. Qa8 Qe4+ 59. Kg3 Kd6 60. Kf2 Ke5 61. Qb7 Kd5 62. Qa8 Kd4 63. Qa1+ Kc5 64. Qa5+ Kd6 65. Qd8+ Ke5 66. Qe7+ Kd4 67. Qb4+ Kd5 68. Qb7 Kc4 69. Qb6 Kc3 70. Qc5+ Kd2 71. Qa5+ Kc1 72. Qa3+ Kc2 73. Qa2+ Kc1 74. Qa3+ Kd2 75. Qa5+ Kd3 76. Qa3+ Kd4 77. Qa4+ Kd5 78. Qa8 Qc2+ 79. Ke3 Kc5 80. Qb7 Kd5 81. Qa8 Qc3+ 82. Ke2 Kd4 83. Qh8+ Kc4 84. Qg8+ Kb4 85. Qb8+ Ka3 86. Qa7+ Kb2 87. Qb7+ Kc1 88. Qa7 c5 89. Qa8 Qd2+ 90. Kf3 Qd4 91. Qa3+ Kc2 92. Qa7 Qd5+ 93. Ke3 Qe5+ 94. Kf3 c4 95. Qa4+ Kb2 96. Qxc4 Qc3+ 97. Qxc3+ Kxc3 1/2-1/2

[Event "31st Roquetas de Mar Open 2020"]
[Site "Roquetas de Mar"]
[Date "2020.01.05"]
[Round "5.16"]
[White "Gascon Del Nogal, Jose Rafael"]
[Black "Nawin J J"]
[Result "1-0"]
[ECO "B28"]
[WhiteElo "2466"]
[BlackElo "1993"]
[Annotator "ChessBase"]
[PlyCount "85"]
[EventDate "2020.01.02"]
[EventType "swiss"]
[EventCountry "ESP"]
[SourceTitle "playchess.com"]
[Source "ChessBase"]
[SourceQuality "1"]
[TimeControl "5400+30"]

1. e4 c5 2. Nf3 a6 3. c3 d5 4. exd5 Qxd5 5. d4 e6 6. Bd3 Nf6 7. O-O Nc6 8. Re1 Be7 9. Be3 cxd4 10. cxd4 O-O 11. Nc3 Qd6 12. Rc1 b5 13. Bg5 Bb7 14. Bxf6 Bxf6 15. Ne4 Qe7 16. d5 Nb4 17. d6 Qd8 18. Bb1 Nd5 19. Qd2 h6 20. h4 Qb6 21. Rc5 Bd8 22. Ne5 f5 23. Nd7 Qa7 24. Nxf8 Kxf8 25. Rxd5 Bxd5 26. Nc3 Qc5 27. Bxf5 exf5 28. Qxd5 Qxd5 29. Nxd5 Bxh4 30. g3 Bf6 31. Nxf6 gxf6 32. Re6 Kf7 33. Re7+ Kg6 34. d7 Rd8 35. f4 Kh5 36. b4 Kg6 37. Kf2 Kh5 38. Rg7 Rb8 39. Ke3 a5 40. bxa5 b4 41. Re7 b3 42. axb3 Rxb3+ 43. Kd2 1-0

[Event "31st Roquetas de Mar Open 2020"]
[Site "Roquetas de Mar"]
[Date "2020.01.05"]
[Round "6.1"]
[White "Harutyunian, Tigran K."]
[Black "Grigoryan, Karen H."]
[Result "1/2-1/2"]
[ECO "D20"]
[WhiteElo "2533"]
[BlackElo "2632"]
[Annotator "RC"]
[PlyCount "32"]
[EventDate "2020.01.02"]
[EventType "swiss"]
[EventCountry "ESP"]
[SourceTitle "playchess.com"]
[Source "ChessBase"]
[SourceQuality "1"]
[TimeControl "5400+30"]

1. d4 d5 2. c4 dxc4 3. e4 Nf6 4. e5 Nd5 5. Bxc4 Nb6 6. Bb3 Nc6 7. Nf3 Bg4 8. Ng5 Bxd1 9. Bxf7+ Kd7 10. Be6+ Ke8 11. Bf7+ Kd7 12. Be6+ Ke8 13. Bf7+ Kd7 14. Be6+ Ke8 15. Bf7+ Kd7 16. Be6+ Ke8 1/2-1/2

[Event "31st Roquetas de Mar Open 2020"]
[Site "Roquetas de Mar"]
[Date "2020.01.05"]
[Round "6.6"]
[White "Bjerre, Jonas Buhl"]
[Black "Gascon Del Nogal, Jose Rafael"]
[Result "1-0"]
[ECO "E10"]
[WhiteElo "2535"]
[BlackElo "2466"]
[Annotator "ChessBase"]
[PlyCount "75"]
[EventDate "2020.01.02"]
[EventType "swiss"]
[EventCountry "ESP"]
[SourceTitle "playchess.com"]
[Source "ChessBase"]
[SourceQuality "1"]
[TimeControl "5400+30"]

1. d4 Nf6 2. c4 e6 3. Nf3 d5 4. g3 Bb4+ 5. Bd2 Be7 6. Bg2 O-O 7. O-O Nbd7 8. Nc3 dxc4 9. e4 c6 10. Bf4 Re8 11. a4 a5 12. Qe2 b6 13. Nd2 Ba6 14. Rfd1 Bf8 15. Nxc4 Nd5 16. Bd2 e5 17. exd5 exd4 18. Qg4 Bxc4 19. Qxd4 Ne5 20. Be3 Bc5 21. Qf4 Bb3 22. dxc6 Bxd1 23. Rxd1 Qc8 24. Bxc5 bxc5 25. Nb5 Nxc6 26. Nd6 Qd7 27. Bxc6 Qxc6 28. Qxf7+ Kh8 29. Nxe8 Rxe8 30. b3 h6 31. h4 Kh7 32. Qd5 Qb6 33. Rc1 Rd8 34. Qxc5 Qxb3 35. Qxa5 Rd1+ 36. Rxd1 Qxd1+ 37. Kg2 Qc2 38. Qa8 1-0

[Event "31st Roquetas de Mar Open 2020"]
[Site "Roquetas de Mar"]
[Date "2020.01.05"]
[Round "6.7"]
[White "Raja Harshit"]
[Black "Maiorov, Nikita"]
[Result "0-1"]
[ECO "C95"]
[WhiteElo "2482"]
[BlackElo "2519"]
[Annotator "ChessBase"]
[PlyCount "64"]
[EventDate "2020.01.02"]
[EventType "swiss"]
[EventCountry "ESP"]
[SourceTitle "playchess.com"]
[Source "ChessBase"]
[SourceQuality "1"]
[TimeControl "5400+30"]

1. e4 e5 2. Nf3 Nc6 3. Bb5 a6 4. Ba4 Nf6 5. O-O Be7 6. Re1 b5 7. Bb3 d6 8. c3 O-O 9. h3 Nb8 10. d4 Nbd7 11. c4 c6 12. Nc3 Qc7 13. a3 exd4 14. Nxd4 Ne5 15. cxb5 axb5 16. Bg5 h6 17. Bh4 b4 18. axb4 Rxa1 19. Qxa1 Nd3 20. Rd1 Nxb4 21. Qa4 Qb6 22. Bxf6 Bxf6 23. Ncb5 Qc5 24. Nxc6 Nxc6 25. Nxd6 Nd4 26. Nxc8 Nxb3 27. Nd6 Nd4 28. Nc4 Ne2+ 29. Kf1 Nf4 30. b3 Qh5 31. f3 Nxh3 32. Rd5 Ng5 0-1

[Event "31st Roquetas de Mar Open 2020"]
[Site "Roquetas de Mar"]
[Date "2020.01.05"]
[Round "6.8"]
[White "Merario Alarcon, Andres"]
[Black "Klekowski, Maciej"]
[Result "1/2-1/2"]
[ECO "E35"]
[WhiteElo "2412"]
[BlackElo "2515"]
[Annotator "ChessBase"]
[PlyCount "60"]
[EventDate "2020.01.02"]
[EventType "swiss"]
[EventCountry "ESP"]
[SourceTitle "playchess.com"]
[Source "ChessBase"]
[SourceQuality "1"]
[TimeControl "5400+30"]

1. d4 Nf6 2. c4 e6 3. Nc3 Bb4 4. Qc2 d5 5. cxd5 exd5 6. Bg5 h6 7. Bh4 Nc6 8. e3 g5 9. Bg3 Ne4 10. Bd3 Bf5 11. Nge2 h5 12. f3 Nxg3 13. Nxg3 Be6 14. Bf5 Qf6 15. Bxe6 fxe6 16. Nge2 O-O-O 17. O-O-O e5 18. Kb1 Rhe8 19. dxe5 Qxe5 20. e4 Bxc3 21. Nxc3 dxe4 22. Qxe4 Qxe4+ 23. Nxe4 g4 24. Rxd8+ Nxd8 25. Nf6 Rf8 26. Nxh5 gxf3 27. g4 f2 28. Rf1 Ne6 29. Kc1 Ng5 30. Kd1 Nh3 1/2-1/2

[Event "31st Roquetas de Mar Open 2020"]
[Site "Roquetas de Mar"]
[Date "2020.01.05"]
[Round "6.11"]
[White "Shariyazdanov, Andrey"]
[Black "Garcia Moreno, Carlos"]
[Result "1-0"]
[ECO "D38"]
[WhiteElo "2519"]
[BlackElo "2289"]
[Annotator "ChessBase"]
[PlyCount "107"]
[EventDate "2020.01.02"]
[EventType "swiss"]
[EventCountry "ESP"]
[SourceTitle "playchess.com"]
[Source "ChessBase"]
[SourceQuality "1"]
[TimeControl "5400+30"]

1. Nf3 Nf6 2. c4 e6 3. Nc3 d5 4. d4 Bb4 5. Qa4+ Nc6 6. Bg5 h6 7. Bxf6 Qxf6 8. e3 O-O 9. Rc1 Rd8 10. cxd5 exd5 11. Bd3 Bg4 12. Nd2 Qg5 13. h4 Qe7 14. a3 Bxc3 15. Rxc3 Rd6 16. Bb5 Bd7 17. g3 a6 18. Bxc6 Rxc6 19. Rxc6 Bxc6 20. Qc2 Bb5 21. a4 Bd7 22. O-O Qb4 23. b3 Rc8 24. Rc1 b6 25. Qd3 a5 26. Nf3 Qa3 27. Rc3 f6 28. h5 Qe7 29. Nh4 Qe4 30. Qa6 Qe6 31. Ng6 Kf7 32. Nf4 Qd6 33. Qb7 c5 34. dxc5 bxc5 35. Qxd5+ Qxd5 36. Nxd5 Be6 37. Nb6 Rc6 38. Nc4 Bxc4 39. Rxc4 Ke6 40. Kf1 Kd5 41. Ke2 Rb6 42. Rc3 Rb4 43. Kd3 c4+ 44. Rxc4 Rxb3+ 45. Rc3 Rb4 46. Rc7 Rg4 47. e4+ Rxe4 48. Rd7+ Ke6 49. Kxe4 Kxd7 50. Kd5 Ke7 51. Kc5 Ke6 52. Kb5 Kf5 53. Kxa5 Kg4 54. Kb4 1-0

[Event "31st Roquetas de Mar Open 2020"]
[Site "Roquetas de Mar"]
[Date "2020.01.05"]
[Round "6.12"]
[White "Sosa, Tomas"]
[Black "Kumar, Nikhil"]
[Result "1-0"]
[ECO "B12"]
[WhiteElo "2508"]
[BlackElo "2315"]
[Annotator "ChessBase"]
[PlyCount "61"]
[EventDate "2020.01.02"]
[EventType "swiss"]
[EventCountry "ESP"]
[SourceTitle "playchess.com"]
[Source "ChessBase"]
[SourceQuality "1"]
[TimeControl "5400+30"]

1. e4 c6 2. d4 d5 3. e5 c5 4. dxc5 e6 5. Nd2 Nc6 6. Ngf3 Bxc5 7. Nb3 Bb6 8. Bd3 Nge7 9. Bf4 Ng6 10. Bg3 O-O 11. O-O f5 12. exf6 Qxf6 13. Bxg6 Qxg6 14. c3 Bd7 15. Nbd4 Rae8 16. Qd2 Bxd4 17. cxd4 Rxf3 18. gxf3 e5 19. dxe5 Nxe5 20. Kh1 Qh5 21. Qxd5+ Kh8 22. Bxe5 Rxe5 23. Qxb7 h6 24. Rad1 Qh3 25. Rg1 Rh5 26. Qb8+ Kh7 27. Qg3 Qxg3 28. fxg3 Bc6 29. Kg2 Rf5 30. Rd3 g5 31. Rc1 1-0

[Event "31st Roquetas de Mar Open 2020"]
[Site "Roquetas de Mar"]
[Date "2020.01.05"]
[Round "6.13"]
[White "Luque Saiz, Andres"]
[Black "Marin, Mihail"]
[Result "0-1"]
[ECO "C09"]
[WhiteElo "2103"]
[BlackElo "2496"]
[Annotator "ChessBase"]
[PlyCount "50"]
[EventDate "2020.01.02"]
[EventType "swiss"]
[EventCountry "ESP"]
[SourceTitle "playchess.com"]
[Source "ChessBase"]
[SourceQuality "1"]
[TimeControl "5400+30"]

1. e4 e6 2. d4 d5 3. Nd2 c5 4. Ngf3 Nc6 5. exd5 exd5 6. Bb5 Bd6 7. dxc5 Bxc5 8. O-O Nge7 9. Nb3 Bd6 10. Re1 Bg4 11. h3 Bh5 12. g4 Bg6 13. Nfd4 O-O 14. f4 Be4 15. Bd3 Nxd4 16. Nxd4 Bc5 17. Bxe4 dxe4 18. Rxe4 f5 19. gxf5 Qd5 20. Qd3 Nxf5 21. c3 Rae8 22. Rxe8 Rxe8 23. Kh2 Bxd4 24. cxd4 Nxd4 25. Qf1 Re2+ 0-1

[Event "31st Roquetas de Mar Open 2020"]
[Site "Roquetas de Mar"]
[Date "2020.01.05"]
[Round "6.14"]
[White "Villanueva, Mario"]
[Black "Kiselev, Pavel"]
[Result "1/2-1/2"]
[ECO "B48"]
[WhiteElo "2488"]
[BlackElo "2303"]
[Annotator "ChessBase"]
[PlyCount "142"]
[EventDate "2020.01.02"]
[EventType "swiss"]
[EventCountry "ESP"]
[SourceTitle "playchess.com"]
[Source "ChessBase"]
[SourceQuality "1"]
[TimeControl "5400+30"]

1. e4 c5 2. Nf3 e6 3. d4 cxd4 4. Nxd4 Nc6 5. Nc3 Qc7 6. Be3 Nf6 7. f4 d6 8. Qf3 Be7 9. O-O-O a6 10. g4 O-O 11. g5 Nd7 12. h4 b5 13. g6 Nf6 14. gxh7+ Kh8 15. Nxc6 Qxc6 16. Bd3 b4 17. Ne2 e5 18. Rdg1 Be6 19. f5 Bxa2 20. Qg2 Ne8 21. h5 f6 22. h6 Rf7 23. Rh3 Rc8 24. hxg7+ Nxg7 25. Bh6 Bf8 26. Ng3 d5 27. Nh5 Rcc7 28. Rg3 dxe4 29. Bxe4 Qd7 30. Bxg7+ Bxg7 31. Nxg7 Rxg7 32. b3 Bxb3 33. Rxg7 Qxg7 34. Qxg7+ Rxg7 35. Rxg7 Kxg7 36. cxb3 Kxh7 37. Kd2 Kh6 38. Kd3 Kg5 39. Kc4 Kf4 40. Kd5 a5 41. Bc2 Ke3 42. Ke6 Kd4 43. Kxf6 e4 44. Bxe4 Kxe4 45. Ke6 a4 46. f6 a3 47. f7 a2 48. f8=Q a1=Q 49. Qxb4+ Qd4 50. Qb5 Ke3 51. b4 Qg4+ 52. Kd6 Qd4+ 53. Kc6 Qf6+ 54. Kb7 Qe7+ 55. Ka6 Kd4 56. Qb6+ Kc4 57. b5 Qa3+ 58. Qa5 Qf3 59. Qc7+ Kb4 60. Qd6+ Ka4 61. Qd4+ Kb3 62. b6 Qa8+ 63. Kb5 Qe8+ 64. Kc5 Qc8+ 65. Kd5 Qd7+ 66. Ke4 Qg4+ 67. Kd3 Qd1+ 68. Ke3 Qg1+ 69. Ke4 Qg4+ 70. Kd5 Qd7+ 71. Kc5 Qc8+ 1/2-1/2

[Event "31st Roquetas de Mar Open 2020"]
[Site "Roquetas de Mar"]
[Date "2020.01.05"]
[Round "6.15"]
[White "Moreto Quintana, Alex"]
[Black "Gines Esteo, Pedro Antonio"]
[Result "0-1"]
[ECO "B11"]
[WhiteElo "2165"]
[BlackElo "2482"]
[Annotator "ChessBase"]
[PlyCount "106"]
[EventDate "2020.01.02"]
[EventType "swiss"]
[EventCountry "ESP"]
[SourceTitle "playchess.com"]
[Source "ChessBase"]
[SourceQuality "1"]
[TimeControl "5400+30"]

1. e4 c6 2. Nc3 d5 3. Nf3 Bg4 4. h3 Bxf3 5. Qxf3 e6 6. g3 Nf6 7. Bg2 Nbd7 8. O-O Bc5 9. d3 O-O 10. Qe2 b5 11. Kh1 d4 12. Nb1 a5 13. a4 Nb6 14. axb5 cxb5 15. e5 Nfd5 16. c4 dxc3 17. bxc3 Qd7 18. c4 Bd4 19. Bb2 Bxb2 20. Qxb2 bxc4 21. dxc4 Nxc4 22. Qd4 Rac8 23. Bxd5 Qxd5+ 24. Qxd5 exd5 25. Rd1 Rfd8 26. Nd2 Nb2 27. Rf1 Rc2 28. Nb3 a4 29. Nd4 Rc4 30. Ra2 Rxd4 31. Rxb2 a3 32. Ra2 Rd3 33. Rfa1 Ra8 34. Kg2 Kf8 35. f4 Ke7 36. Kh2 h5 37. h4 Ke6 38. Rb1 Ra7 39. Rb8 Kf5 40. Kh3 g6 41. Rb6 d4 42. Rf6+ Ke4 43. e6 fxe6 44. Rxg6 Kd5 45. Rg5+ Kc4 46. Re5 Kb3 47. Ree2 Rg7 48. Ra1 Rgxg3+ 49. Kh2 Rh3+ 50. Kg2 Rdg3+ 51. Kf1 Rh1+ 52. Kf2 Rxa1 53. Kxg3 a2 0-1

[Event "31st Roquetas de Mar Open 2020"]
[Site "Roquetas de Mar"]
[Date "2020.01.05"]
[Round "6.16"]
[White "Real De Azua, Ernesto"]
[Black "Martin Carmona, Gaston Manuel"]
[Result "1/2-1/2"]
[ECO "D35"]
[WhiteElo "2456"]
[BlackElo "2211"]
[Annotator "ChessBase"]
[PlyCount "60"]
[EventDate "2020.01.02"]
[EventType "swiss"]
[EventCountry "ESP"]
[SourceTitle "playchess.com"]
[Source "ChessBase"]
[SourceQuality "1"]
[TimeControl "5400+30"]

1. d4 d5 2. c4 e6 3. Nc3 Nf6 4. cxd5 Nxd5 5. e4 Nxc3 6. bxc3 c5 7. Rb1 Be7 8. Nf3 O-O 9. Bc4 a6 10. a4 Qc7 11. Bd3 Nd7 12. O-O b6 13. Be3 Bb7 14. Qe2 Bc6 15. Qc2 Qb7 16. Nd2 cxd4 17. cxd4 Rfc8 18. Qb3 Rab8 19. Rfc1 b5 20. axb5 axb5 21. d5 exd5 22. exd5 Bxd5 23. Rxc8+ Rxc8 24. Qxb5 Qxb5 25. Bxb5 Nf6 26. h3 Rb8 27. Bd3 Rxb1+ 28. Bxb1 h6 29. Bd3 Be6 30. Bc4 Bxc4 1/2-1/2

[Event "31st Roquetas de Mar Open 2020"]
[Site "Roquetas de Mar"]
[Date "2020.01.05"]
[Round "6.17"]
[White "Rajarishi Karthi"]
[Black "Camacho Collados, Jose"]
[Result "1-0"]
[ECO "D86"]
[WhiteElo "2103"]
[BlackElo "2419"]
[Annotator "ChessBase"]
[PlyCount "79"]
[EventDate "2020.01.02"]
[EventType "swiss"]
[EventCountry "ESP"]
[SourceTitle "playchess.com"]
[Source "ChessBase"]
[SourceQuality "1"]
[TimeControl "5400+30"]

1. d4 Nf6 2. c4 g6 3. Nc3 d5 4. cxd5 Nxd5 5. e4 Nxc3 6. bxc3 Bg7 7. Bc4 c5 8. Ne2 Nc6 9. Be3 cxd4 10. cxd4 Qa5+ 11. Qd2 Qxd2+ 12. Kxd2 O-O 13. Rhd1 Rd8 14. Ke1 Na5 15. Bd3 Bd7 16. Rac1 Ba4 17. Bc2 Bb5 18. Bd3 Ba4 19. Bc2 Bxc2 20. Rxc2 b5 21. Rc7 Kf8 22. Nc3 a6 23. Nd5 Rac8 24. Ra7 Ra8 25. Rxa8 Rxa8 26. Nb6 Ra7 27. Rc1 f5 28. e5 Rb7 29. Bd2 Rxb6 30. Bxa5 Re6 31. f4 g5 32. Rc8+ Kf7 33. d5 Rh6 34. e6+ Kg6 35. Rg8 Rxh2 36. Bc3 Kh5 37. Rxg7 Kg4 38. d6 Kxf4 39. d7 Ke3 40. Bd2+ 1-0

[Event "31st Roquetas de Mar Open 2020"]
[Site "Roquetas de Mar"]
[Date "2020.01.06"]
[Round "7.1"]
[White "Maiorov, Nikita"]
[Black "Bernadskiy, Vitaliy"]
[Result "1/2-1/2"]
[ECO "D30"]
[WhiteElo "2519"]
[BlackElo "2588"]
[Annotator "RC"]
[PlyCount "67"]
[EventDate "2020.01.02"]
[EventType "swiss"]
[EventCountry "ESP"]
[SourceTitle "playchess.com"]
[Source "ChessBase"]
[SourceQuality "1"]
[TimeControl "5400+30"]

1. d4 d5 2. c4 e6 3. Nf3 Nf6 4. e3 a6 5. Nc3 dxc4 6. Bxc4 b5 7. Bb3 c5 8. O-O Bb7 9. e4 cxd4 10. Nxd4 Nc6 11. Nxc6 Qxd1 12. Rxd1 Bxc6 13. f3 Bc5+ 14. Kf1 Nd7 15. Ne2 Ke7 16. Nd4 Rhc8 17. Bg5+ f6 18. Be3 Bxd4 19. Bxd4 b4 20. Rdc1 Bb5+ 21. Kf2 a5 22. Bd1 Ne5 23. Bxe5 fxe5 24. a3 bxa3 25. bxa3 Rab8 26. Rxc8 Rxc8 27. Rb1 Rc5 28. Ke1 Kd6 29. Kd2 Kc7 30. Bb3 Bd7 31. Ba2 Rc6 32. Bb3 Rc5 33. Ba2 Rc6 34. Bb3 1/2-1/2

[Event "31st Roquetas de Mar Open 2020"]
[Site "Roquetas de Mar"]
[Date "2020.01.06"]
[Round "7.3"]
[White "Wieczorek, Oskar"]
[Black "Harutyunian, Tigran K."]
[Result "0-1"]
[ECO "D31"]
[WhiteElo "2490"]
[BlackElo "2533"]
[Annotator "RC"]
[PlyCount "62"]
[EventDate "2020.01.02"]
[EventType "swiss"]
[EventCountry "ESP"]
[SourceTitle "playchess.com"]
[Source "ChessBase"]
[SourceQuality "1"]
[TimeControl "5400+30"]

1. c4 e6 2. Nc3 d5 3. d4 Be7 4. cxd5 exd5 5. Bf4 c6 6. e3 Bf5 7. Nge2 Nd7 8. h4 h5 9. Ng3 Bg6 10. Bd3 Bxd3 11. Qxd3 Ngf6 12. Nf5 O-O 13. Nxe7+ Qxe7 14. O-O-O Rfe8 15. f3 b5 16. Kb1 a5 17. Bg5 a4 18. Ne2 Nb6 19. Ng3 Nc4 20. Rc1 Qb4 21. Qc3 Qd6 22. Bf4 Qd7 23. Rhe1 Re6 24. Qb4 Rae8 25. Rc3 Qa7 26. Rd3 g6 27. Nf1 Nd7 28. Rc1 Nb8 29. b3 Na6 30. Qe1 axb3 31. axb3 Ra8 0-1

[Event "31st Roquetas de Mar Open 2020"]
[Site "Roquetas de Mar"]
[Date "2020.01.06"]
[Round "7.5"]
[White "Sivuk, Vitaly"]
[Black "Merario Alarcon, Andres"]
[Result "1-0"]
[ECO "D35"]
[WhiteElo "2579"]
[BlackElo "2412"]
[Annotator "RC"]
[PlyCount "104"]
[EventDate "2020.01.02"]
[EventType "swiss"]
[EventCountry "ESP"]
[SourceTitle "playchess.com"]
[Source "ChessBase"]
[SourceQuality "1"]
[TimeControl "5400+30"]

1. d4 Nf6 2. c4 e6 3. Nc3 d5 4. cxd5 Nxd5 5. e4 Nxc3 6. bxc3 c5 7. Rb1 Be7 8. Nf3 O-O 9. h4 b6 10. h5 cxd4 11. cxd4 Bb7 12. Bd3 Nc6 13. Bb2 Nb4 14. h6 g6 15. O-O Rc8 16. Re1 Nxd3 17. Qxd3 Bf6 18. Qe3 Re8 19. Rbc1 Rxc1 20. Rxc1 Qb8 21. Ba3 Rc8 22. Rxc8+ Qxc8 23. Qf4 Qd8 24. g4 Bh8 25. g5 Bc6 26. Bd6 f6 27. e5 f5 28. Ne1 Kf7 29. Qc1 Qa8 30. Nd3 Ke8 31. Nf4 Bd7 32. Qc7 Qd8 33. Qxd8+ Kxd8 34. a3 Bc8 35. f3 Kd7 36. Kf2 Ba6 37. Bf8 Ke8 38. Bg7 Bxg7 39. hxg7 Kf7 40. Nxe6 Bc4 41. Nc7 Kxg7 42. d5 f4 43. e6 Kf8 44. d6 Bxe6 45. Nxe6+ Ke8 46. Nxf4 Kd7 47. Ke3 Kxd6 48. Kd4 b5 49. Nd5 Ke6 50. Ke4 Kd6 51. Nf6 a5 52. Nxh7 a4 1-0

[Event "31st Roquetas de Mar Open 2020"]
[Site "Roquetas de Mar"]
[Date "2020.01.06"]
[Round "7.6"]
[White "Krysa, Leandro"]
[Black "Suarez Uriel, Adrian"]
[Result "1/2-1/2"]
[ECO "A29"]
[WhiteElo "2522"]
[BlackElo "2362"]
[Annotator "RC"]
[PlyCount "63"]
[EventDate "2020.01.02"]
[EventType "swiss"]
[EventCountry "ESP"]
[SourceTitle "playchess.com"]
[Source "ChessBase"]
[SourceQuality "1"]
[TimeControl "5400+30"]

1. c4 Nf6 2. Nc3 e5 3. Nf3 Nc6 4. g3 d5 5. cxd5 Nxd5 6. Bg2 Nb6 7. O-O Be7 8. d3 O-O 9. Be3 Be6 10. Rc1 Qd7 11. a3 a5 12. Na4 Nxa4 13. Qxa4 Rfd8 14. Rfe1 Bd5 15. Bc5 Bf6 16. Nd2 Bg5 17. Be3 Bxe3 18. fxe3 Bxg2 19. Kxg2 Qe6 20. Qb3 Qxb3 21. Nxb3 Rd5 22. Rc5 Rxc5 23. Nxc5 b6 24. Nd7 Re8 25. Rc1 Re6 26. b4 axb4 27. axb4 Nxb4 28. Rxc7 f6 29. e4 Nc6 30. Kf2 Nd4 31. e3 Nb5 32. Rb7 1/2-1/2

[Event "31st Roquetas de Mar Open 2020"]
[Site "Roquetas de Mar"]
[Date "2020.01.06"]
[Round "7.7"]
[White "Marin, Mihail"]
[Black "Shariyazdanov, Andrey"]
[Result "1/2-1/2"]
[ECO "A14"]
[WhiteElo "2496"]
[BlackElo "2519"]
[Annotator "RC"]
[PlyCount "99"]
[EventDate "2020.01.02"]
[EventType "swiss"]
[EventCountry "ESP"]
[SourceTitle "playchess.com"]
[Source "ChessBase"]
[SourceQuality "1"]
[TimeControl "5400+30"]

1. c4 Nf6 2. g3 e6 3. Bg2 d5 4. Nf3 Be7 5. O-O O-O 6. b3 b6 7. Bb2 Bb7 8. e3 c5 9. Nc3 Qc8 10. Qe2 Rd8 11. d3 Nc6 12. Rfd1 d4 13. exd4 Nxd4 14. Nxd4 cxd4 15. Ne4 Nxe4 16. Bxe4 a5 17. a3 Bc5 18. Bc1 Qd7 19. Bd2 Bd6 20. b4 a4 21. Rac1 Rac8 22. Rc2 e5 23. g4 Bxe4 24. Qxe4 Rc6 25. Bg5 Rdc8 26. Bh4 b5 27. c5 Bc7 28. Bg3 Rf8 29. Rf1 f6 30. f3 g6 31. Rg2 Kh8 32. f4 exf4 33. Bxf4 Re6 34. Qb7 Rc8 35. Bxc7 Rxc7 36. Qf3 Rcc6 37. Qf4 Rc8 38. h4 Qd5 39. h5 gxh5 40. gxh5 Qxh5 41. Qxd4 Rg8 42. Rxg8+ Kxg8 43. Qd8+ Kf7 44. Qd7+ Re7 45. Qf5 Qh6 46. Qd5+ Kf8 47. Qd8+ Kf7 48. Qd5+ Kf8 49. Qd8+ Kf7 50. Qd5+ 1/2-1/2